 Dungeon Crawl Stone Soup version 0.31-a0-267-g3fc6992b3b (webtiles) character file.

Game seed: 1913721109404742134

346 qw the Shooter (level 6, 0/37 HPs)
             Began as a Gargoyle Hexslinger on July 13, 2023.
             Was an Initiate of Okawaru.
             Slain by an orc
             ... wielding a +0 mace
              (5 damage)
             ... on level 5 of the Dungeon.
             The game lasted 00:01:22 (3470 turns).

qw the Shooter (Gargoyle Hexslinger)                Turns: 3470, Time: 00:01:23

Health: 0/37       AC: 12    Str: 10    XL:     6   Next: 59%
Magic:  7/7        EV: 15    Int: 18    God:    Okawaru [......]
Gold:   214        SH:  0    Dex: 13    Spells: 6/7 levels left

rFire   . . .        k - +1 sling (heavy)
rCold   . . .        (no shield)
rNeg    + . .        j - +0 ring mail
rPois   inf          i - +2 helmet
rElec   +            (no cloak)
rCorr   .            (no gloves)
SInv    .            (no boots)
Will    .....        (no amulet)
Stlth   +            c - +5 ring of evasion
HPRegen 0.26/turn    (no ring)
MPRegen 0.10/turn

%: no passive effects
@: about to teleport
A: sickness immunity, AC +4, negative energy resistance 1, electricity
resistance, torment resistance 1, petrification resistance, clever 1, MP-powered
wands
a: Renounce Religion


You were on level 5 of the Dungeon.
You worshipped Okawaru.
Okawaru was noncommittal.
You visited 2 branches of the dungeon, and saw 6 of its levels.

You collected 214 gold pieces.


Innate Abilities, Weirdness & Mutations

You are immune to sickness and miasma.
Your stone body is resilient. (AC +4)
You are immune to poison.
You resist negative energy. (rN+)
You are resistant to electric shocks. (rElec)
You are resistant to unholy torment.
You are immune to petrification.
Your mind is acute. (Int +4, Str/Dex -1)
You expend magic power (3 MP) to strengthen your wands.


   Skills:
 - Level 3.0 Fighting
 + Level 5.8 Ranged Weapons
 - Level 2.0 Armour
 - Level 1.5 Dodging
 - Level 1.0 Spellcasting
 - Level 2.6 Hexes


You had 6 spell levels left.
You knew the following spells:

 Your Spells              Type           Power      Damage    Failure   Level
a - Slow                  Hex            40%        N/A       17%         1

Your spell library contained the following spells:

 Spells                   Type           Power      Damage    Failure   Level
 Inner Flame              Hex/Fire       5%         N/A       65%         3
 Portal Projectile        Hex/Tloc       10%        N/A       65%         3
 Cause Fear               Hex            5%         N/A       86%         4

Inventory:

Hand Weapons
 k - a +1 heavy sling (weapon)
Armour
 i - a +2 helmet (worn)
 j - a +0 ring mail (worn)
Jewellery
 c - a +5 ring of evasion (left hand)
Scrolls
 a - a scroll of identify
 h - a scroll of enchant armour
Potions
 b - 2 potions of enlightenment
 d - 2 potions of resistance
 e - a potion of heal wounds {unknown}
 f - 3 potions of curing
 g - a potion of haste
 l - a potion of ambrosia {unknown}

Dungeon Overview and Level Annotations

Branches:
Dungeon (5/15)             Temple (1/1) D:5

Altars:
Ashenzari
Cheibriados
Dithmenos
Elyvilon
Fedhas
Gozag
Hepliaklqana
Makhleb
Okawaru
Ru
Trog
Vehumet
Wu Jian
Xom
Yredelemnul
The Shining One

Shops:
D:2 :   D:4 *

Annotations:
D:5 Eustachio


Message History

The bat misses you. The quokka misses you.
The shadow imp hits you but does no damage.
The orc misses you.
Eustachio brags, "I can call spirits from the vasty deep."
Eustachio casts a spell.
Eustachio blinks!
The quokka misses you.
You shoot a sling bullet. The sling bullet hits the orc!
You kill the orc!
Okawaru accepts your kill. The bat hits you but does no damage.
The quokka misses you. The orc barely misses you.
The orc hits you but does no damage. The quokka closely misses you.
The orc hits you with a +0 mace. The iron imp misses you.
The orc closely misses you. The bat misses you.
You shoot a sling bullet. The sling bullet hits the iron imp.
The iron imp is heavily wounded.
The bat hits you but does no damage. The quokka completely misses you.
The orc closely misses you. x2; The orc hits you but does no damage.
The iron imp hits you but does no damage.
The quokka misses you. The orc closely misses you.
The orc hits you but does no damage.
Eustachio casts a spell.
Eustachio blinks!
The orc barely misses you. The bat hits you but does no damage.
The iron imp hits you! The quokka closely misses you.
3469 ||| READING scroll of teleportation.
As you read the scroll of teleportation, it crumbles to dust.
You feel strangely unstable. The orc barely misses you.
The orc hits you but does no damage. The orc closely misses you.
The quokka closely misses you. The iron imp spits at you.
The iron imp closely misses you.
You shoot a sling bullet.
The sling bullet hits the iron imp but does no damage.
The iron imp is heavily wounded.
The bat barely misses you. x2; The quokka completely misses you.
The orc hits you with a +0 hand axe. The orc misses you. x2
The bat barely misses you.
Eustachio gestures wildly while chanting.
The iron imp closely misses you. The orc hits you with a +0 mace.
You die...

. #o..# . # #... .. #####
... ... ....# ..# ....
....# #.# ..... ....#
####### ###'#...... ##..#
#.....# #.......... .#..#
#.....###oo......>. ....#
#......ยค#@o........ .#..#
#.......5rb........
.#..######...........#####
....'....'......5....#
.#..######...........#
.#..# #......@....# ....#
#........(..# .####
#...........# ##
#...........#


You could see Eustachio, an iron imp (summoned), a crimson imp (summoned), 3
orcs, a quokka (summoned) and a bat (summoned).

Vanquished Creatures
  A howler monkey (D:5)
  2 orc priests (D:3)
  2 hounds
  An iguana (D:5)
  An orc wizard (D:4)
  6 adders
  2 dart slugs (D:1)
  14 orcs
  6 ball pythons
  5 endoplasms
  4 giant cockroaches
  10 goblins
  2 hobgoblins
  3 kobolds
  2 quokkas
  7 bats
  2 frilled lizards (D:2)
  5 rats
75 creatures vanquished.

Notes
Turn   | Place    | Note
-------+----------+-------------------------------------------
     0 | D:1      | qw the Gargoyle Hexslinger began the quest for the Orb.
     0 | D:1      | Reached XP level 1. HP: 12/12 MP: 2/2
     0 | D:1      | 0 ||| qw: Version: 0.3-a-52-g30416fa
     0 | D:1      | 0 ||| qw: Game counter: 7668
     0 | D:1      | 0 ||| qw: Melee chars always use a shield: true
     0 | D:1      | 0 ||| qw: God list: Okawaru
     0 | D:1      | 0 ||| qw: Allow faded altars: false
     0 | D:1      | 0 ||| qw: Do Orc after clearing Dungeon:15 true
     0 | D:1      | 0 ||| qw: Do second Lair branch before Depths: true
     0 | D:1      | 0 ||| qw: Lair rune preference: random
     0 | D:1      | 0 ||| qw: Goals: Normal
     0 | D:1      | 0 ||| PLANNING D:1-11
    92 | D:1      | Reached XP level 2. HP: 16/16 MP: 3/3
   202 | D:1      | Reached skill level 3 in Ranged Weapons
   816 | D:1      | 816 ||| UPGRADING to +0 leather armour.
   826 | D:1      | 826 ||| DROPPING +0 robe.
   827 | D:1      | 827 ||| READING scroll labelled FEHOUD CUSAR.
   828 | D:1      | 828 ||| DROPPING scroll of poison.
   904 | D:2      | Reached XP level 3. HP: 21/21 MP: 4/4
  1087 | D:2      | Found Urigip's Book Boutique.
  1150 | D:2      | Identified the +4 mace of Vahogg {flame, *Slow rF+ Str+3
                  | Dex+2}
  1190 | D:2      | 1190 ||| UPGRADING to +0 ring mail.
  1200 | D:2      | 1200 ||| DROPPING +0 leather armour.
  1201 | D:2      | 1201 ||| UPGRADING to +5 ring of evasion.
  1202 | D:2      | 1202 ||| READING scroll labelled FIUZOCKOHAY.
  1203 | D:2      | 1203 ||| READING 3 scrolls labelled UDOZEIS KUAL.
  1204 | D:2      | 1204 ||| DRINKING 2 fizzy purple potions.
  1205 | D:2      | 1205 ||| READING 2 scrolls of identify.
  1205 | D:2      | 1205 ||| IDENTIFYING black potion
  1206 | D:2      | 1206 ||| DROPPING potion of brilliance.
  1245 | D:3      | Reached skill level 4 in Ranged Weapons
  1245 | D:3      | Reached XP level 4. HP: 21/26 MP: 5/5
  1363 | D:3      | Reached XP level 5. HP: 30/30 MP: 6/6
  1561 | D:3      | 1561 ||| DRINKING 3 murky orange potions.
  1897 | D:3      | 1897 ||| READING 2 scrolls of identify.
  1897 | D:3      | 1897 ||| IDENTIFYING lumpy white potion
  1941 | D:4      | Found a shimmering altar of Xom.
  2121 | D:4      | 2121 ||| FLEEEEING.
  2124 | D:4      | 2124 ||| FLEEEEING.
  2125 | D:4      | 2125 ||| FLEEEEING.
  2126 | D:4      | 2126 ||| FLEEEEING.
  2128 | D:4      | 2128 ||| FLEEEEING.
  2129 | D:4      | 2129 ||| FLEEEEING.
  2131 | D:4      | 2131 ||| FLEEEEING.
  2133 | D:4      | 2133 ||| FLEEEEING.
  2136 | D:4      | 2136 ||| STAIRDANCE
  2168 | D:3      | 2168 ||| DRINKING 2 sedimented yellow potions.
  2169 | D:3      | 2169 ||| DRINKING 2 smoky puce potions.
  2169 | D:3      | Gained mutation: You are vulnerable to heat. (rF-) [potion
                  | of mutation]
  2169 | D:3      | Gained mutation: You have large cloven feet. [potion of
                  | mutation]
  2170 | D:3      | 2170 ||| DRINKING potion of mutation.
  2170 | D:3      | Lost mutation: You are vulnerable to heat. (rF-) [potion of
                  | mutation]
  2170 | D:3      | Lost mutation: You have large cloven feet. [potion of
                  | mutation]
  2170 | D:3      | Gained mutation: You expend magic power (3 MP) to
                  | strengthen your wands. [potion of mutation]
  2170 | D:3      | Gained mutation: Your mind is acute. (Int +4, Str/Dex -1)
                  | [potion of mutation]
  2183 | D:4      | Reached skill level 5 in Ranged Weapons
  2262 | D:4      | Found a blossoming altar of Fedhas.
  2303 | D:4      | Reached XP level 6. HP: 36/36 MP: 7/7
  2308 | D:4      | Found an opulent altar of Gozag.
  2308 | D:4      | Found Gozag's Platinum Reserve.
  2323 | D:4      | 2323 ||| SHOPLISTING ring "Weop" {Fire rPois Str-5 Slay+6}
                  | (5090 gold, have 166).
  2323 | D:4      | 2323 ||| SHOPLISTING ring of Dirr {Wiz rPois rF+ rN+} (5240
                  | gold, have 166).
  2323 | D:4      | 2323 ||| SHOPLISTING scarf of the Moon {repulsion, rPois
                  | rN+ Will+ Regen+} (3100 gold, have 166).
  2660 | D:4      | 2660 ||| READING scroll labelled XIAGGOXZYTESK.
  2663 | D:4      | 2663 ||| READING scroll labelled ESETAV ZUCREGOAT.
  2664 | D:4      | 2664 ||| DRINKING 2 fizzy brown potions.
  2665 | D:4      | 2665 ||| READING 2 scrolls of identify.
  2665 | D:4      | 2665 ||| IDENTIFYING dark potion
  2666 | D:4      | 2666 ||| DROPPING potion of attraction.
  2667 | D:4      | 2667 ||| DROPPING potion of invisibility.
  2692 | D:5      | Entered Level 5 of the Dungeon
  2709 | D:5      | Reached skill level 3 in Fighting
  2914 | D:5      | Found a staircase to the Ecumenical Temple.
  2915 | D:5      | 2915 ||| PLANNING TEMPLE
  2915 | D:5      | 2915 ||| UPGRADING to +1 helmet.
  2920 | D:5      | 2920 ||| READING 2 scrolls of enchant armour.
  2920 | D:5      | 2920 ||| ENCHANTING +1 helmet.
  2929 | Temple   | Entered the Ecumenical Temple
  2954 | Temple   | 2954 ||| PLANNING OKAWARU WORSHIP
  3366 | Temple   | Became a worshipper of Warmaster Okawaru
  3367 | Temple   | 3367 ||| PLANNING D:1-11
  3425 | D:5      | Noticed Eustachio
  3450 | D:5      | 3450 ||| FLEEEEING.
  3468 | D:5      | HP: 9/37 [iron imp[Eustachio] (7)]
  3469 | D:5      | 3469 ||| READING scroll of teleportation.
  3470 | D:5      | Slain by an orc

Levels and vault maps discovered:
D:1:      giann_horns, layout_basic, serial_forest,
          infiniplex_forest_lined_ring, infiniplex_forest_clump_cross,
          infiniplex_forest_clump_small, infiniplex_forest_straight_2,
          infiniplex_forest_side_room, infiniplex_forest_lined_3
D:2:      layout_rooms, serial_shops, nicolae_shop_stone
D:3:      layout_loops_ring, serial_glass, glass_columns_b, glass_columns_b
D:4:      layout_loops_ring, nicolae_gozag_zags_fifth_avenue, lemuel_tele_altar,
          fedhas_altar_2
D:5:      layout_basic, kennysheep_mini_moat, nicolae_qazlal_style_of_elements,
          minmay_temple_entry_large_hall, nrook_mini_vaults, uniq_eustachio
Temple:   compressed_dpeg_triangle_lava_temple

Skill      XL: |  1  2  3  4  5  6 |
---------------+-------------------+-----
Ranged Weapons | 3 4 5 |  5.8
Fighting       | 2 3 |  3.0
Armour         | 2 |  2.0
Dodging        | |  1.5
Spellcasting   | |  1.0
Hexes          | |  2.6

Action                     |  1- 3 |  4- 6 || total
---------------------------+-------+-------++-------
   Fire: Sling             |    85 |   171 ||   256
    Use: Scroll            |     4 |     6 ||    10
         Potion            |     1 |     5 ||     6
 Armour: Robe              |     7 |       ||     7
         Leather armour    |     8 |       ||     8
         Ring mail         |       |    77 ||    77
  Dodge: Dodged            |    22 |   230 ||   252

Table legend:
 A = Non-vault XP
 B = Vault XP
 C = Vault XP percentage of total XP
 D = Non-vault monster count
 E = Vault monster count
 F = Vault count percentage of total count
                 A         B        C        D         E       F
            +---------+---------+-------+---------+---------+-------
      Total |     495 |       0 |   0.0 |      75 |       0 |   0.0
            +---------+---------+-------+---------+---------+-------
        D:1 |      28 |       0 |   0.0 |      15 |       0 |   0.0
        D:2 |      29 |       0 |   0.0 |      11 |       0 |   0.0
        D:3 |     145 |       0 |   0.0 |      26 |       0 |   0.0
        D:4 |     122 |       0 |   0.0 |      16 |       0 |   0.0
        D:5 |     171 |       0 |   0.0 |       7 |       0 |   0.0
            +---------+---------+-------+---------+---------+-------
